 Dungeon Crawl Stone Soup version 0.28-a0-1143-gcf6077d4cc (webtiles) character file.

Game seed: 3067301474280047152

2807 leviel the Cleaver (level 9, -2/73 HPs)
             Began as a Hill Orc Fighter on Dec 14, 2021.
             Was an Initiate of Gozag.
             Killed from afar by a kobold brigand (33 damage)
             ... with a bolt of acid
             ... on level 7 of the Dungeon.
             The game lasted 00:07:27 (5654 turns).

leviel the Cleaver (Hill Orc Fighter)               Turns: 5654, Time: 00:07:27

Health: -2/73      AC: 23    Str: 26    XL:     9   Next: 72%
Magic:  8/8        EV:  5    Int:  8    God:    Gozag
Gold:   315        SH: 20    Dex: 10    Spells: 8/8 levels left

rFire   . . .      SeeInvis .   a - +0 war axe
rCold   + . .      Faith    .   i - +1 tower shield {AC+3}
rNeg    . . .      Spirit   .   r - +8 chain mail "Poariget" {Str+5 Dex-4}
rPois   .          Reflect  +   n - +2 hat
rElec   .          Harm     .   (no cloak)
rCorr   .          Rampage  .   (no gloves)
Will    .....                   (no boots)
Stlth   ..........              C - amulet of reflection
HPRegen 0.22/turn               j - ring of protection from cold
MPRegen 0.11/turn               (no ring)

@: mighty, gold aura
A: agile 1, frail 1, low mp 1, wild magic 1, noise suppression
a: Renounce Religion, Potion Petition, Call Merchant, Bribe Branch


You were on level 7 of the Dungeon.
You worshipped Gozag.
Gozag was aware of your devotion.
You visited 2 branches of the dungeon, and saw 8 of its levels.

You collected 434 gold pieces.
You paid 119 gold pieces to Gozag.

Inventory:

Hand Weapons
 a - a +0 war axe (weapon)
Armour
 b - a +0 scale mail
 i - a +1 tower shield of protection (worn)
 n - a +2 hat (worn)
 r - the +8 chain mail "Poariget" (worn) {Str+5 Dex-4}
   (You found it on level 5 of the Dungeon)

   Str:       It affects your strength (+5).
   Dex:       It affects your dexterity (-4).
Jewellery
 e - an amulet of guardian spirit
 g - an amulet of magic regeneration
 j - a ring of protection from cold (left hand)
 C - an amulet of reflection (around neck)
Wands
 v - a wand of acid (18)
 D - a wand of polymorph (13)
 E - a wand of charming (9)
Scrolls
 f - a scroll of torment {unknown}
 h - a scroll of vulnerability
 k - 3 scrolls of brand weapon {unknown}
 l - 7 scrolls of identify {@r1}
 m - a scroll of enchant armour {unknown}
 o - 3 scrolls of immolation
 p - a scroll of fog {unknown}
 q - 3 scrolls of amnesia {unknown}
 s - a scroll of fear {unknown}
 t - a scroll of noise {unknown}
 u - a scroll of blinking {unknown}
 w - 2 scrolls of magic mapping {unknown}
 y - a scroll of silence {unknown}
 z - 3 scrolls of enchant weapon {unknown}
Potions
 c - 2 potions of flight
 x - a potion of curing
 A - a potion of brilliance {unknown}
 B - 2 potions of heal wounds {unknown}


   Skills:
 + Level 8.7 Fighting
 + Level 8.9 Axes
 + Level 7.9 Armour
 + Level 7.9 Shields


You had 8 spell levels left.
You didn't know any spells.
Your spell library contained the following spells:

 Spells                   Type           Power      Damage    Failure   Level
 Animate Skeleton         Necr           0%         N/A       100%        1
 Apportation              Tloc           0%         N/A       100%        1
 Freeze                   Ice            0%         1d3       100%        1
 Magic Dart               Conj           0%         1d3       100%        1
 Summon Small Mammal      Summ           0%         N/A       100%        1
 Searing Ray              Conj           0%         2d4       100%        2
 Frozen Ramparts          Ice            0%         1d2       100%        3
 Fulminant Prism          Conj/Hex       0%         3d6       100%        4
 Hailstorm                Conj/Ice       0%         3d3       100%        4


Dungeon Overview and Level Annotations

Branches:
Dungeon (7/15)             Temple (1/1) D:6

Altars:
Ashenzari
Cheibriados
Dithmenos
Elyvilon
Fedhas
Gozag
Hepliaklqana
Kikubaaqudgha
Makhleb
Nemelex Xobeh
Okawaru
Qazlal
Ru
Sif Muna
Trog
Uskayaw
Vehumet
Wu Jian
Yredelemnul
The Shining One

Shops:
D:6 [

Annotations:
D:6 1 runed translucent door, KennySheep's ghost, novice DECj


Innate Abilities, Weirdness & Mutations

You are agile. (Dex +2)
You are frail. (-10% HP)
Your magical capacity is low. (-10% MP)
Your spells are a little harder to cast, but a little more powerful.
You passively dampen the noise of your surroundings.


Message History

You block ytrimaz's ghost's attack.
You slice ytrimaz's ghost!!
Ytrimaz's ghost is almost destroyed.
You block ytrimaz's ghost's attack.
You slice ytrimaz's ghost!!
You destroy ytrimaz's ghost!
You slice the kobold brigand!!
The kobold brigand is almost dead.
The kobold brigand hits you but does no damage.
You feel drained.
The kobold brigand hits you with a +2 dagger of draining.
You feel drained.
You slash the kobold brigand!
You kill the kobold brigand!
The kobold brigand throws a curare-tipped dart.
You reflect the curare-tipped dart off an invisible shield around you!
The curare-tipped dart hits the kobold brigand.
The kobold brigand is poisoned.
The kobold brigand convulses.
The kobold brigand seems to slow down.
Your life force feels restored.
You barely miss the kobold brigand. You block the kobold brigand's attack.
You slice the kobold brigand!!
You kill the kobold brigand!
You slash the kobold brigand!
The kobold brigand is heavily wounded.
The kobold brigand hits you but does no damage.
You miss the kobold brigand.
The kobold brigand is heavily wounded.
The kobold brigand hits you but does no damage.
You barely miss the kobold brigand.
The kobold brigand is heavily wounded.
The kobold brigand hits you but does no damage. x2
You slice the kobold brigand!!
You kill the kobold brigand!
The kobold brigand throws a poisoned dart.
You reflect the poisoned dart off an invisible shield around you!
The poisoned dart closely misses the kobold brigand.
The kobold brigand zaps a wand.
The bolt of acid hits you!!
You die...
Your body crumbles into a pile of gold.

.≈≈≈....##......#
......#.##......#
......#+##......#
♣##......###.####
#......#...# ###
#......#.#####.#
#......'KWKK.KK#
#......#######$#
#......# #@#
#####K.# #.#
##.## #.#
#####K.#### #<#
#...KK....# #.#
#.##KKW##.# #.#
###..K..### #.#
#.#...#.# #.#
#⌠.#.#.⌠#


You could see 2 kobold brigands.

Vanquished Creatures
  The ghost of ytrimaz the Martial Artist, a novice OpTm of Ashenzari (D:7)
  A water moccasin (D:7)
  An orc warrior (D:7)
  2 ice beasts
  2 sky beasts (D:5)
  A black bear (D:5)
  A necrophage (D:7)
  2 centaurs
  2 phantoms
  7 kobold brigands (D:7)
  Blork the orc (D:6)
  3 bullfrogs
  3 scorpions
  A howler monkey (D:4)
  4 hounds
  An orc priest (D:4)
  A bullfrog skeleton (D:5)
  A centaur skeleton (D:7)
  An iguana (D:7)
  An orc wizard (D:4)
  A hound skeleton (D:4)
  4 adders
  3 gnolls (D:6)
  A white imp (D:6)
  A worm (D:2)
  3 dart slugs
  7 orcs
  4 bats
  3 endoplasms
  4 giant cockroaches
  4 goblins
  6 hobgoblins
  A quokka (D:1)
  2 ball pythons (D:1)
  4 frilled lizards
  8 kobolds
  3 rats
96 creatures vanquished.

Notes
Turn   | Place    | Note
-------+----------+-------------------------------------------
     0 | D:1      | leviel the Hill Orc Fighter began the quest for the Orb.
     0 | D:1      | Reached XP level 1. HP: 19/19 MP: 1/1
   167 | D:1      | Reached XP level 2. HP: 27/27 MP: 2/2
   526 | D:1      | Reached XP level 3. HP: 33/33 MP: 3/3
  1595 | D:3      | Reached XP level 4. HP: 36/41 MP: 2/4
  1964 | D:3      | Found a faded altar of an unknown god.
  2317 | D:4      | Reached XP level 5. HP: 33/47 MP: 5/5
  2340 | D:4      | HP: 2/47 [something/puff of flame (2)]
  2342 | D:4      | Reached skill level 5 in Fighting
  2342 | D:4      | Reached XP level 6. HP: 2/56 MP: 3/6
  2950 | D:4      | You fall into a shaft and drop 1 floor!
  2950 | D:5      | Entered Level 5 of the Dungeon
  2967 | D:5      | Reached skill level 5 in Axes
  2971 | D:5      | Reached skill level 5 in Armour
  2971 | D:5      | Reached skill level 5 in Shields
  2971 | D:5      | Reached XP level 7. HP: 20/61 MP: 4/7
  3122 | D:5      | Gained mutation: Your spells are a little harder to cast,
                  | but a little more powerful. [potion of mutation]
  3122 | D:5      | Gained mutation: Your magical capacity is low. (-10% MP)
                  | [potion of mutation]
  3122 | D:5      | Gained mutation: You are frail. (-10% HP) [potion of
                  | mutation]
  3122 | D:5      | Gained mutation: You have hidden genetic potential. [potion
                  | of mutation]
  3208 | D:5      | Identified the +8 chain mail "Poariget" {Str+5 Dex-4}
  3603 | D:5      | Found a radiant altar of Vehumet.
  3654 | D:5      | Reached XP level 8. HP: 63/63 MP: 7/7
  3848 | D:5      | Gained mutation: You passively dampen the noise of your
                  | surroundings. [hidden potential]
  4297 | D:6      | Noticed Blork the orc
  4314 | D:6      | Killed Blork the orc
  4425 | D:6      | Found Gaxora's Armour Shoppe.
  4488 | D:6      | Found a staircase to the Ecumenical Temple.
  4530 | Temple   | Entered the Ecumenical Temple
  4658 | Temple   | Became a worshipper of Gozag Ym Sagoz the Greedy
  4733 | D:6      | Found a runed translucent door.
  4734 | D:6      | Noticed KennySheep's ghost (novice DECj)
  5371 | D:7      | Found a white marble altar of Elyvilon.
  5381 | D:7      | Reached XP level 9. HP: 65/71 MP: 8/8
  5468 | D:7      | Gained mutation: You are agile. (Dex +2) [hidden potential]
  5468 | D:7      | Lost mutation: You have hidden genetic potential. [hidden
                  | potential expressed]
  5581 | D:7      | Found a runed translucent gate.
  5581 | D:7      | Found a runed translucent gate.
  5582 | D:7      | Found a runed translucent gate.
  5590 | D:7      | Noticed ytrimaz's ghost (novice OpTm)
  5646 | D:7      | Killed ytrimaz's ghost
  5654 | D:7      | Killed from afar by a kobold brigand

Illustrated notes

Levels and vault maps discovered:
D:1:      giann_forest_graveyard, layout_loops_ring
D:2:      layout_loops_ring
D:3:      layout_rooms, hellmonk_ecumenical_altar_blasted, minmay_door_square
D:4:      layout_loops_corners, minmay_crossroads
D:5:      layout_loops_ring, nicolae_overflow_hidden_temple
D:6:      layout_basic, minmay_temple_entry_tees, gammafunk_ghost_grave,
          serial_shops, nicolae_shop_competitors_out_of_business,
          uniq_blork_the_orc
D:7:      layout_basic, elyvilon_altar_3, gammafunk_ghost_nasty_kobolds,
          minmay_misc_feat_rugged, hangedman_abyss_or_decor_passed
Temple:   mainiacjoe_temple_coin_purse

Skill      XL: |  1  2  3  4  5  6  7  8  9 |
---------------+----------------------------+-----
Axes           | 3 4 5 6 7 8 |  8.9
Fighting       | 4 5 6 7 8 |  8.7
Shields        | 4 5 6 7 |  7.9
Armour         | 4 5 6 7 |  7.9

Action                   |  1- 3 |  4- 6 |  7- 9 || total
-------------------------+-------+-------+-------++-------
Melee: War axe           |   124 |   110 |   318 ||   552
  Use: Scroll            |     1 |     1 |       ||     2
       Potion            |       |     1 |     4 ||     5
Armor: Scale mail        |    74 |    79 |    24 ||   177
       Chain mail        |       |       |   184 ||   184
Dodge: Dodged            |    50 |    19 |    52 ||   121
Block: Buckler           |    14 |       |       ||    14
       Tower shield      |    58 |    77 |   279 ||   414
       Reflection        |       |       |    10 ||    10

Table legend: (Time is in decaauts)
 A = Elapsed time spent in this place.
 B = Non-inter-level travel time spent in this place.
 C = Inter-level travel time spent in this place.
 D = Time resting spent in this place.
 E = Time spent auto-exploring this place.
 F = Levels seen in this place.
 G = Mean time per level.
                   A        B        C        D        E       F      G
               +--------+--------+--------+--------+--------+-----+--------+
         Total |   5969 |   5751 |    218 |    598 |   3745 |   8 |  746.1 |
       Dungeon |   5827 |   5622 |    205 |    598 |   3665 |   7 |  832.4 |
        Temple |    141 |    128 |     13 |      0 |     80 |   1 |  141.0 |
               +--------+--------+--------+--------+--------+-----+--------+

Top non-repeatable levels by time:
     D:5: 1405 daAuts
     D:2: 879 daAuts
     D:1: 759 daAuts
     D:6: 743 daAuts
     D:4: 726 daAuts
     D:3: 719 daAuts
     D:7: 594 daAuts
  Temple: 141 daAuts
